 Dungeon Crawl Stone Soup version 0.31-a0-1321-g5021b54cb2 (webtiles) character file.

Game seed: 7558411227437608084

74 jestert79 the Apothecary (level 4, 0/30 HPs)
             Began as a Merfolk Alchemist on Dec 20, 2023.
             Slain by a gnoll
             ... wielding a +0 spear
              (6 damage)
             ... on level 3 of the Dungeon.
             The game lasted 00:07:02 (1882 turns).

jestert79 the Apothecary (Merfolk Alchemist)        Turns: 1882, Time: 00:07:03

Health: 0/30       AC:  5    Str:  8    XL:     4   Next: 28%
Magic:  6/7        EV: 12    Int: 16    God:
Gold:   135        SH:  0    Dex: 14    Spells: 1/7 levels left

rFire   . . .        a - +0 dagger (venom)
rCold   . . .        (no shield)
rNeg    . . .        l - +0 robe
rPois   .            (no helmet)
rElec   .            r - +2 cloak
rCorr   .            (no gloves)
SInv    .            (no boots)
Will    .....        (no amulet)
Stlth   ++           g - +4 ring of slaying
HPRegen 0.25/turn    (no ring)
MPRegen 0.10/turn

%: no passive effects
@: no status effects
A: (nimble swimmer 2), mertail
a: no special abilities


You were on level 3 of the Dungeon.
You visited 1 branch of the dungeon, and saw 3 of its levels.

You collected 135 gold pieces.

Inventory:

Hand Weapons
 a - a +0 dagger of venom (weapon)
 b - a +1 sling of electrocution
 n - a +0 spear
Missiles
 d - 4 boomerangs
 h - 30 stones
Armour
 j - a +0 buckler
 l - a +0 robe (worn)
 r - a +2 cloak (worn)
Jewellery
 g - a +4 ring of slaying (left hand)
Wands
 o - a wand of mindburst (15)
Scrolls
 c - a scroll of vulnerability {unknown}
 e - a scroll of acquirement {unknown}
 f - 3 scrolls of identify {unknown}
 k - 2 scrolls of immolation {unknown}
 m - a scroll of teleportation {unknown}
 q - a scroll of fear {unknown}
Potions
 i - a potion of degeneration {unknown}
 p - a potion of magic


   Skills:
 - Level 2.6 Dodging
 + Level 3.4 Stealth
 - Level 2.0 Spellcasting
 + Level 1.9 Conjurations
 + Level 0.0 Air Magic
 + Level 5.0 Alchemy


You had one spell level left.
You knew the following spells:

 Your Spells              Type           Power      Damage    Failure   Level
a - Sting                 Conj/Alch      48%        1d6       4%          1
b - Mercury Vapours       Alch/Air       18%        N/A       11%         2
c - Mephitic Cloud        Conj/Alch/Air  9%         N/A       24%         3

Your spell library contained the following spells:

 Spells                   Type           Power      Damage    Failure   Level
 Olgreb's Toxic Radiance  Alch           17%        N/A       26%         4
 Ensorcelled Hibernation  Hex/Ice        2%         N/A       30%         2
 Fugue of the Fallen      Necr           1%         N/A       52%         3
 Sticky Flame             Fire/Alch      9%         2d5       58%         4
 Anguish                  Hex/Necr       0%         N/A       90%         4


Dungeon Overview and Level Annotations

Branches:
Dungeon (3/15)

Altars:

Annotations:
D:2 Natasha, Sigmund


Innate Abilities, Weirdness & Mutations

((You are very nimble when in or above water. (Stealth+, EV+, Speed+++)))
Your lower body shifts to a powerful aquatic tail in water.


Message History

You see here a frilled lizard corpse.
The gnoll attacks as it pursues you!
The gnoll hits you from afar with a +0 spear.
The gnoll looks more healthy.
The gnoll throws a throwing net.
The throwing net hits you.
You become entangled in the net!
There is a stone staircase leading up here.
You see here a throwing net.
Casting: Sting (safe; 4% risk of failure)
Confirm with . or Enter, or press ? or * to list all spells.
Aiming: Sting (safe; 4% risk of failure)
Press: ? - help, Shift-Dir - straight line, f/p - gnoll
Aim: a gnoll, wielding a +0 spear (severely wounded, 75% to hit)
The sting misses the gnoll.
Unknown command.
Unknown command.
You struggle against the net.
The gnoll hits you from afar with a +0 spear.
You struggle against the net.
The gnoll hits you from afar with a +0 spear.
Unknown command.
Unknown command.
You struggle against the net.
The gnoll hits you from afar with a +0 spear.
The gnoll hits you with a +0 whip!
Unknown command.
You struggle against the net.
The gnoll hits you from afar with a +0 spear.
The gnoll barely misses you.
Unknown command.
You rip the net and break free!
The gnoll closely misses you. The gnoll completely misses you.
The gnoll hits you from afar with a +0 spear.
* * * LOW HITPOINT WARNING * * *
Unknown command.
Unknown command.
The gnoll hits you from afar with a +0 spear.
* * * LOW HITPOINT WARNING * * *
The gnoll hits you from afar with a +0 spear.
You die...

### !.. #.# #g#
#.# ####### #g#
#...g.## #.#
#...gg@#
###'####......#
#...†.........#
#.............#
#.............#
#.......#####.#
#.......# #.#
#.......#####.#
###.####.... .#


You could see 3 gnolls.

Vanquished Creatures
  Natasha (D:2)
  An adder (D:2)
  A worm (D:2)
  2 dart slugs (D:1)
  3 bats
  2 endoplasms
  2 giant cockroaches
  3 goblins
  2 hobgoblins (D:2)
  2 jackals (D:1)
  4 kobolds (D:2)
  A quokka (D:1)
  4 ball pythons
  3 frilled lizards
  2 rats
33 creatures vanquished.

Notes
Turn   | Place    | Note
-------+----------+-------------------------------------------
     0 | D:1      | jestert79 the Merfolk Alchemist began the quest for the
                  | Orb.
     0 | D:1      | Reached XP level 1. HP: 13/13 MP: 3/3
   273 | D:1      | Reached skill level 1 in Conjurations
   464 | D:1      | Reached XP level 2. HP: 19/19 MP: 3/5
   941 | D:1      | Found Enkuhidgh's Book Emporium.
  1234 | D:2      | Reached XP level 3. HP: 24/24 MP: 3/6
  1289 | D:2      | Noticed Natasha
  1605 | D:2      | Killed Natasha
  1606 | D:2      | Reached skill level 5 in Alchemy
  1606 | D:2      | Reached XP level 4. HP: 13/30 MP: 5/7
  1743 | D:2      | Noticed Natasha
  1744 | D:2      | Noticed Sigmund
  1856 | D:3      | Learned a level 2 spell: Mercury Vapours
  1860 | D:3      | Learned a level 3 spell: Mephitic Cloud
  1882 | D:3      | Slain by a gnoll

Illustrated notes

Levels and vault maps discovered:
D:1:      dpeg_arrival_lava_temple_mockup, layout_basic, serial_shops,
          nicolae_shop_hallway_stairs, nrook_loot_triangle
D:2:      layout_rooms, uniq_sigmund, uniq_natasha
D:3:      layout_basic

Skill      XL: |  1  2  3 |
---------------+----------+-----
Conjurations   | 1 |  1.9
Stealth        | 3 |  3.4
Alchemy        | 5 |  5.0
Dodging        | |  2.6
Spellcasting   | |  2.0

Action                     |  1- 3 |  4- 6 || total
---------------------------+-------+-------++-------
  Melee: Unarmed           |     8 |       ||     8
         Dagger            |    25 |     1 ||    26
         Punch             |     1 |       ||     1
   Cast: Sting             |    40 |     2 ||    42
 Armour: Robe              |    13 |    10 ||    23
  Dodge: Dodged            |    18 |     5 ||    23

Table legend: (Time is in decaauts)
 A = Elapsed time spent in this place.
 B = Non-inter-level travel time spent in this place.
 C = Inter-level travel time spent in this place.
 D = Time resting spent in this place.
 E = Time spent auto-exploring this place.
 F = Levels seen in this place.
 G = Mean time per level.
                   A        B        C        D        E       F      G
               +--------+--------+--------+--------+--------+-----+--------+
         Total |   1890 |   1674 |    216 |    237 |    997 |   3 |  630.0 |
       Dungeon |   1890 |   1674 |    216 |    237 |    997 |   3 |  630.0 |
               +--------+--------+--------+--------+--------+-----+--------+

Top non-repeatable levels by time:
     D:1: 1376 daAuts
     D:2: 454 daAuts
     D:3: 59 daAuts
